 Dungeon Crawl Stone Soup version 0.30.1-11-g7821555f0a (webtiles) character file.

Game seed: 1408419404220525196

31 comborobin the Sneak (level 3, -2/19 HPs)
             Began as a Spriggan Delver on Dec 4, 2023.
             Killed from afar by an electric eel (11 damage)
             ... with a bolt of electricity
             ... on level 6 of the Dungeon.
             The game lasted 00:00:30 (90 turns).

comborobin the Sneak (Spriggan Delver)                Turns: 90, Time: 00:00:31

Health: -2/19      AC:  2    Str:  8    XL:     3   Next: 7%
Magic:  4/4        EV: 18    Int: 11    God:
Gold:   0          SH:  0    Dex: 18    Spells: 0/2 levels left

rFire   . . .        a - +0 rapier
rCold   . . .        (no shield)
rNeg    . . .        b - +0 robe
rPois   .            (helmet restricted)
rElec   .            (no cloak)
rCorr   .            (gloves unavailable)
SInv    +            (boots unavailable)
Will    .....        (no amulet)
Stlth   ++           (no ring)
HPRegen 0.23/turn    (no ring)
MPRegen 0.09/turn

%: no passive effects
@: hasted, quick
A: very small, no large weapons, unfitting armour, see invisible, speed 3
a: no special abilities


You were on level 6 of the Dungeon.
You visited 1 branch of the dungeon, and saw 2 of its levels.

Inventory:

Hand Weapons
 a - a +0 rapier (weapon)
 h - a +0 short sword
Armour
 b - a +0 robe (worn)
Wands
 g - a wand of digging (3)
Scrolls
 c - a scroll of fog
 d - a scroll of magic mapping
 e - a scroll of fear


   Skills:
 - Level 2.4 Fighting
 + Level 2.9 Short Blades
 + Level 3.5 Dodging
 + Level 7.7 Stealth


You couldn't memorise any spells.
You knew the following spells:

 Your Spells              Type           Power      Damage    Failure   Level
w - Passwall              Tmut/Erth      0%         N/A       47%         2

Your spell library contained the following spells:

 Spells                   Type           Power      Damage    Failure   Level
 Sandblast                Erth           0%         2d4       34%         1
 Sublimation of Blood     Necr           0%         N/A       47%         2
 Wereblood                Tmut           0%         N/A       47%         2
 Stone Arrow              Conj/Erth      0%         3d7       71%         3
 Summon Hydra             Summ           0%         N/A       100%        7


Dungeon Overview and Level Annotations

Branches:
Dungeon (6/15)
 Temple: D:4-7

Altars:


Innate Abilities, Weirdness & Mutations

You are very small and have problems with some larger weapons.
You are too small for most types of armour.
You have supernaturally acute eyesight. (SInv)
You cover ground extremely quickly. (Speed+++)


Message History

You feel agile. x2
You see here a hound corpse.
You open the door.
There is an open door here.
Found a book of Blood and a rapier.
You pick up a book of Blood and begin reading...
You add the spells Sublimation of Blood, Wereblood and Summon Hydra to your library.
You see here a +0 rapier.
h - a +0 rapier Unknown command.
h - a +0 rapier (weapon)
Adjust (i)tems, (s)pells, or (a)bilities?
h - a +0 rapier (weapon)
Adjust to which letter? (? for menu, Esc to quit)
a - a +0 rapier (weapon);
h - a +0 short sword Unknown command.
Okay, then.
This spell is extremely dangerous to cast!
Memorise Passwall, consuming 2 spell levels and leaving 0?
You start memorising the spell.
You continue memorising. x2
You finish memorising.
Spell assigned to 'a'.
Adjust (i)tems, (s)pells, or (a)bilities?
Adjust which spell? a - Passwall Adjust to which letter? w - Passwall You enter the shallow water.
Moving in this stuff is going to be slow.
An electric eel comes into view.
You enter the shallow water.
Moving in this stuff is going to be slow.
The electric eel shoots out a bolt of lightning at you!
The bolt of electricity hits you!
Ouch! That really hurt!
Your unstable footing causes you to fumble your attack.
You feel yourself speed up.
The electric eel shoots out a bolt of lightning at you!
The bolt of electricity hits you!
Ouch! That really hurt!
You die... .......... #......## .♣ #..(.....
P.P

#........ .~♣♣
##.......[ .. P.P♣
#......... ...♣♣♣♣♣♣~~♣
♣♣........
...PP.~P~~.♣♣♣♣P.....###
....~~S@~.~~~~~.........
...~♣~♣P.~~♣P♣~♣........
. ♣ ♣♣~.♣♣ ♣♣♣.......♣
♣♣~~♣ ♣..†......~ ♣~~♣♣
#....#####. ####♣P~♣
##'### # #...♣~.♣ #.#
##.#...# #.# #...### #.#


You could see an electric eel.

Vanquished Creatures
  A hound (D:6)
1 creature vanquished.

Notes
Turn   | Place    | Note
-------+----------+-------------------------------------------
     0 | D:5      | comborobin the Spriggan Delver began the quest for the Orb.
     0 | D:5      | Reached XP level 1. HP: 11/11 MP: 2/2
    22 | D:6      | Noticed a hound
    28 | D:6      | Killed a hound
    29 | D:6      | Reached XP level 2. HP: 16/16 MP: 3/3
    29 | D:6      | Reached XP level 3. HP: 19/19 MP: 4/4
    65 | D:6      | Learned a level 2 spell: Passwall
    90 | D:6      | Killed from afar by an electric eel

Illustrated notes

Levels and vault maps discovered:
D:5:      layout_loops_ring, nicolae_gozag_zags_fifth_avenue,
          uniq_blork_the_orc, uniq_menkaure, uniq_eustachio
D:6:      layout_basic, lemuel_blue_sif_altar, minmay_temple_entry_hall,
          serial_bayou, serial_bayou_pond_d, serial_bayou_shore_a,
          serial_bayou_pond_e, serial_bayou_crossing

Skill      XL: |  1 |
---------------+----+-----
Dodging        | 3 |  3.5
Fighting       | |  2.4
Short Blades   | |  2.9
Stealth        | |  7.7

Action                     || total
---------------------------++-------
  Melee: Short sword       ||     1
         Rapier            ||     1
    Use: Potion            ||     1
   Stab: Sleeping          ||     1
